Cogmind - Beta 13 @@@ ROGUE MODE // 2024.04.07 @ 15:56:35 Player: Salamander Result: Destroyed by S-10 Pest with Light Assault Rifle Performance ------------- Evolutions (1) 500 Regions Visited (2) 400 Robots Destroyed (16) 80 Value Destroyed (351) 351 Prototype IDs (0) 0 Alien Tech Used (0) 0 Bonus (0) 0 TOTAL SCORE: 1331 Bonus ------- None Cogmind --------- Core Integrity 0/400 Matter 158/300 Energy 125/125 System Corruption 1% Temperature Cool (0) Movement Core (350) Ox6 Location -9/Materials Parts ------- > --- POWER (1) -------- Light Ion Engine > --- PROPULSION (4) --- (None) > --- UTILITY (2) ------ Medium Storage Unit Signal Interpreter > --- WEAPON (2) ------- Heavy Hammer Heavy Hammer > --- INVENTORY (10) --- Small Storage Unit High-powered Tractor Beam Peak State ------------ > --- POWER ------------ Light Ion Engine > --- PROPULSION ------- Aluminum Leg Aluminum Leg > --- UTILITY ---------- Small Storage Unit Signal Interpreter > --- WEAPON ----------- EM Pulse Gun Light Assault Rifle > --- INVENTORY -------- Light Ion Engine Light Treads Light Treads Light Assault Rifle Grenade Launcher [Rating: 7] Favorites ----------- Power Light Ion Engine Engine Light Ion Engine Propulsion Aluminum Leg Treads Light Treads Leg Aluminum Leg Utility Signal Interpreter Storage Medium Storage Unit Processor Signal Interpreter Weapon Light Assault Rifle Energy Gun EM Pulse Gun Ballistic Gun Light Assault Rifle Launcher Grenade Launcher Impact Weapon Heavy Hammer Build | -11 -10 -9 ------- Run | Yrd Mat Mat Slots Evolved 2 | . . 2 Power . | . . . Propulsion 2 | . . 2 Utility . | . . . Weapon . | . . . Parts Attached 19 | 6 7 6 Power 4 | 1 1 2 Engine 4 | 1 1 2 Core . | . . . Reactor . | . . . Propulsion 5 | 2 2 1 Treads 2 | . 2 . Leg 3 | 2 . 1 Wheel . | . . . Hover . | . . . Flight . | . . . Utility 3 | 1 2 . Device . | . . . Storage 2 | 1 1 . Processor 1 | . 1 . Hackware . | . . . Protection . | . . . Artifact . | . . . Weapon 7 | 2 2 3 Energy Gun 2 | 1 1 . Energy Cannon . | . . . Ballistic Gun 2 | 1 1 . Ballistic Cannon . | . . . Launcher 1 | . . 1 Special Weapon . | . . . Impact Weapon 2 | . . 2 Slashing Weapon . | . . . Piercing Weapon . | . . . Special Melee Weapon . | . . . Unidentified Prototypes . | . . . Parts Lost 12 | . 5 7 Power 3 | . 1 2 Propulsion 4 | . 1 3 Utility . | . . . Weapon 5 | . 3 2 Highest Loss Streak 4 | . 3 4 To Critical Strikes . | . . . Average Slot Usage (%) 69 | . 80 52 Engine 9 | . 10 8 Treads 7 | . 6 9 Leg 9 | . 15 . Storage 12 | . 14 11 Processor 11 | . 12 11 Energy Gun 3 | . 5 . Ballistic Gun 10 | . 14 3 Impact Weapon 2 | . . 7 Naked Turns . | . . . Heaviest Build 19 | 11 16 19 Greatest Support 40 | 20 40 40 Greatest Overweight (x) 6 | . 1 6 Average Overweight (x) . | . . 1 Largest Inventory Capacity 10 | 8 10 10 Average Capacity 9 | 6 9 10 Most Carried 7 | 4 7 4 Average Carried 4 | 2 5 2 Final Capacity 10 | 8 10 10 Final Carried 4 | 4 4 2 Class Distribution -------------------- 100% | Mutant Dominant Class ---------------- Mutant | -10/Materials Mutant | -9/Materials Resources | -11 -10 -9 ----------- Run | Yrd Mat Mat Matter Collected 335 | 224 93 18 Remotely . | . . . Salvage Created 299 | . 151 148 Parts 23 | . 13 10 Haulers Intercepted . | . . . Recyclers Shooed 1 | . 1 . Parts Field Recycled . | . . . Retrieved Matter . | . . . Parts Self-Destructed . | . . . Prevented . | . . . Kills | -11 -10 -9 ------- Run | Yrd Mat Mat Combat Hostiles Destroyed 15 | . 7 8 Melee 2 | . . 2 Guns 8 | . 5 3 AOE 5 | . 2 3 Classes Destroyed 4 | . 2 2 Worker 1 | . . 1 Swarmer 8 | . 4 4 Grunt 5 | . 3 2 Sentry 2 | . . 2 Best Kill Streak 4 | . 4 4 Combat Bots Only 4 | . 4 3 Max Kills in Single Turn 2 | . 1 2 Gunslinging . | . . . Exploded 1 | . 1 1 Melee 1 | . . 1 Uniques/NPCs Destroyed . | . . . Combat | -11 -10 -9 -------- Run | Yrd Mat Mat Hostile Shots Fired 221 | . 68 153 Missed 65 | . 15 50 Damage Taken 1878 | . 692 1186 Core 597 | . 196 401 Absorbed by Shields . | . . . Core Remaining (%) 60 | 100 21 . Volleys Fired 62 | . 32 30 Largest 2 | . 2 1 Hottest 60 | . 60 30 Shots Fired 67 | . 37 30 Gun 55 | . 37 18 Cannon . | . . . Launcher 12 | . . 12 Special . | . . . Kinetic 50 | . 32 18 Thermal . | . . . Explosive 12 | . . 12 Electromagnetic 5 | . 5 . Robot Hit Streak 19 | . 6 19 Robot Miss Streak 2 | . 2 1 Penetration Max . | . . . Secondary Targets . | . . . Shots Hit Robots 53 | . 26 27 Core Hits 32 | . 10 22 Critical Kills 1 | . . 1 Critical Parts Destroyed . | . . . Critical Strikes 2 | . . 2 Destroy 1 | . . 1 Smash 1 | . . 1 Melee Attacks 4 | . . 4 Impact 4 | . . 4 Slashing . | . . . Piercing . | . . . Sneak Attacks . | . . . Combat Hostiles . | . . . Follow-up Attacks . | . . . Damage Inflicted 969 | . 316 653 Guns 383 | . 246 137 Cannons . | . . . Explosions 446 | . 70 376 Melee 125 | . . 125 Ramming 15 | . . 15 Kinetic 345 | . 208 137 Thermal 70 | . 70 . Explosive 376 | . . 376 Electromagnetic 38 | . 38 . Impact 125 | . . 125 Slashing . | . . . Piercing . | . . . Highest Corruption 1 | . . 1 Average Corruption 1 | . . 1 Corruption Purged . | . . . Corruption Blocked . | . . . Overload Shots . | . . . Overflow Damage 38 | . . 38 Projectiles . | . . . Explosions 6 | . . 6 Melee 32 | . . 32 Knockbacks . | . . . Impact . | . . . Kinetic . | . . . Secondary . | . . . Self-Inflicted Damage 176 | . 30 146 Shots 10 | . 1 9 Rammed 9 | . . 9 Targets Rammed 9 | . . 9 Kicked . | . . . Crushed . | . . . Highest Temperature 67 | . 67 26 Average Temperature 27 | . 32 13 Received Heat Transfer 297 | . 126 171 Siege Activations . | . . . Robots Corrupted . | . . . Combat Hostiles . | . . . Parts Fried . | . . . Impact Corruptions 1 | . . 1 Robots Melted . | . . . Combat Hostiles . | . . . Parts Melted . | . . . Heat Transferred 150 | . 150 . Parts Sabotaged . | . . . Parts Stolen . | . . . Parts Stripped . | . . . Power Chain Reactions 1 | . 1 . Alert | -11 -10 -9 ------- Run | Yrd Mat Mat Peak Influence 274 | . 172 274 Initial 72 | . . 72 Average 104 | . 79 174 Maximum Alert Level 1 | . . 1 Low Security (%) 83 | 100 100 50 Level 1 16 | . . 50 Level 2 . | . . . Level 3 . | . . . Level 4 . | . . . Level 5 . | . . . High Security . | . . . Max Security . | . . . Squads Dispatched 1 | . 1 . Investigation 1 | . 1 . Extermination . | . . . Reinforcement . | . . . Assault . | . . . Garrison . | . . . Intercept . | . . . Searches Triggered . | . . . Construction Impeded . | . . . Haulers Reinforced . | . . . Active Scanning Responses . | . . . Cargo Convoy Interrupts . | . . . Stealth | -11 -10 -9 --------- Run | Yrd Mat Mat Distress Signals 2 | . 2 . Communications Jammed . | . . . Distress Signals . | . . . Times Spotted 25 | . 11 14 Peak Tracking Total 5 | . 4 5 Tactical Retreats 1 | . . 1 Traps | -11 -10 -9 ------- Run | Yrd Mat Mat Traps Triggered 2 | . 1 1 Indirectly . | . . . Trap Hack Attempts . | . . . Triggered . | . . . Disarmed . | . . . Reprogrammed 6 | . 6 . Reused . | . . . Traps Extracted . | . . . Installed . | . . . Triggered . | . . . Machines | -11 -10 -9 ---------- Run | Yrd Mat Mat Machines Disabled 1 | . 1 . Max in Single Turn 1 | . 1 . Machines Repaired . | . . . Machines Dismantled . | . . . Machines Sabotaged . | . . . Overloaded Fab Kills . | . . . Hacking | -11 -10 -9 --------- Run | Yrd Mat Mat Machines Accessed 2 | . 2 . Terminals 2 | . 2 . Fabricators . | . . . Repair Stations . | . . . Recycling Units . | . . . Scanalyzers . | . . . Garrison Access . | . . . Total Hacks 5 | . 5 . Successful 2 | . 2 . Failed 3 | . 3 . Catastrophic . | . . . Database Lockouts . | . . . Manual . | . . . Terminals 5 | . 5 . Fabricators . | . . . Repair Stations . | . . . Recycling Units . | . . . Scanalyzers . | . . . Garrison Access . | . . . Terminal Hacks 2 | . 2 . Locate Traps 1 | . 1 . Reprogram Traps 1 | . 1 . Fabricator Hacks . | . . . Repair Station Hacks . | . . . Recycling Unit Hacks . | . . . Scanalyzer . | . . . Garrison Access Hacks . | . . . Unauthorized Hacks . | . . . Terminals . | . . . Fabricators . | . . . Repair Stations . | . . . Recycling Units . | . . . Scanalyzers . | . . . Garrison Access . | . . . Data Cores Recovered . | . . . Used . | . . . Hacking Detections 2 | . 2 . Full Trace Events . | . . . Feedback Events . | . . . Feedback Blocked . | . . . Robot Schematics Acquired . | . . . Robots Built . | . . . Authchips . | . . . Time . | . . . Total Robot Build Rating . | . . . Part Schematics Acquired . | . . . Parts Built . | . . . Authchips . | . . . Time . | . . . Total Part Build Rating . | . . . Parts Repaired . | . . . Time . | . . . Parts Recycled . | . . . Recycled Matter . | . . . Retrieved Matter . | . . . Retrieved Components . | . . . Parts Scanalyzed . | . . . Part Schematics Acquired . | . . . Parts Damaged . | . . . Bothacking | -11 -10 -9 ------------ Run | Yrd Mat Mat Used RIF Installer . | . . . Robots Hacked . | . . . Non-combat . | . . . Combat . | . . . Robot Hacks Applied . | . . . Relay Couplers Released . | . . . Fabnet Peak Effective % . | . . . Robots Rewired . | . . . Allies Hacked . | . . . Hacks Repelled . | . . . Allies | -11 -10 -9 -------- Run | Yrd Mat Mat Total Allies . | . . . Largest Group . | . . . Highest-Rated Group . | . . . Highest-Rated Ally . | . . . Total Orders . | . . . Ally Attacks . | . . . Total Damage . | . . . Kills . | . . . Allies Corrupted . | . . . Allies Melted . | . . . Intel | -11 -10 -9 ------- Run | Yrd Mat Mat Robot Analysis Total . | . . . Derelict Logs Recovered . | . . . Drone Launches . | . . . Drone Recoveries . | . . . Exploration | -11 -10 -9 ------------- Run | Yrd Mat Mat Turns Passed 619 | 61 348 210 Spaces Moved 285 | 45 186 54 Core 24 | 7 . 17 Treads 77 | . 45 32 Legs 184 | 38 141 5 Wheels . | . . . Hover . | . . . Flight . | . . . Fastest Speed 50 | 50 120 160 Average Speed 155 | 109 148 217 Slowest Speed 350 | 120 190 350 Overloaded Moves . | . . . Propulsion Burnouts . | . . . Robots Hopped . | . . . Cave-ins Triggered . | . . . Exploration Rate (%) 15 | 4 33 9 Regions Visited 2 Branch Regions . Pre-discovered Areas . | . . . Known Exits Taken 1 | . 1 . Unknown Exits Taken 1 | 1 . . Scrap Searched . | . . . Spaces Dug 4 | . . 4 Terrain Destroyed 37 | . 5 32 Melee . | . . . Projectile . | . . . AOE 37 | . 5 32 Terrain Rammed . | . . . Walls Destroyed . | . . . Machines Disabled . | . . . Actions | -11 -10 -9 --------- Run | Yrd Mat Mat Total 387 | 54 227 106 Wait 2 | . . 2 Move 283 | 44 185 54 Hop . | . . . Pick Up 7 | 4 2 1 Fast Attach 11 | 6 2 3 Attach 7 | . 4 3 Detach 1 | . 1 . Swap 1 | . 1 . Drop . | . . . Fire 62 | . 32 30 Melee 4 | . . 4 Ram . | . . . Kick . | . . . Crush 9 | . . 9 Escape Stasis . | . . . Rewire . | . . . Trap . | . . . Miscellaneous . | . . . Route ------- -11/Scrapyard -10/Materials -9/Materials History --------- Turn | Location | Event 15 | -11/Scrapyard | Discovered new exit (range 16) 62 | -11/Scrapyard | Entered Materials 209 | -10/Materials | Core integrity fell below 50% 236 | -10/Materials | Lost 3 parts (1p1n1w) 337 | -10/Materials | Build established: Mutant 386 | -10/Materials | Discovered new exit (range 6) 392 | -10/Materials | Identified exit to Materials 410 | -10/Materials | Entered another Materials area 410 | -9/Materials | Evolved 2 slots: Propulsion x2 520 | -9/Materials | Lost 3 parts (1p1n1w) 557 | -9/Materials | Core integrity fell below 50% 579 | -9/Materials | Lost 4 parts (1p2n1w) 588 | -9/Materials | Core integrity fell below 20% 620 | -9/Materials | Destroyed by S-10 Pest with Light Assault Rifle Last Messages --------------- Acquired Hvy. Hammer. The unstable cave ceiling collapses. K-01 Serf collects debris. Acquired Hpw. Tractor Beam. K-01 Serf collects debris. Triggered Shock Trap. The floor emits a surge of raw power. System corrupted (+1). K-01 Serf collects debris. The unstable cave ceiling collapses. U-05 Engineer lays Concrete. Destroyed Flight Unit. S-10 Pest system corrupted by crushing effect. S-10 Pest suffers critical hit (Smash). S-10 Pest destroyed. K-01 Serf collects debris. Acquired 8 matter. C-30 ARC bursts open, deploying its payload. S-10 Pest unfolds itself. K-01 Serf collects debris. Map ----- +----------------------------------------------------+ | ?????????????????????????????????????????????????? | | ?????????????????????????????????????????????????? | | ?????????????????????????????????????????????????? | | ?????????????????????????????????????????????????? | | ???????????????????????????????????? ???????????? | | ??????????????????????????????????## ##?????????? | | ??????????????????????????????????# #?????????? | | ??????????????????????????????????# #?????????? | | ??????????????????????????????????# ##????????? | | ?????????????????????????????????? #????????? | | ??????????????????????????????##### #####?#???? | | ?????????????????????????????? # = ???? | | ??????????????????????????????""" """??? | | ????????????????????????????? """ "" """??? | | ????????????????????????????? """ # # "Y """ ?? | | ??????????????????????????????""" ## "" ??? | | ???????????????????????????????? # ?????? | | ???????????! ###+#############+#### #???????? | | ??????????! % ^ T ########## | | ?????????? k! +% | | ?????????? = ^ ## #### """ | | ??????????????###########s k ####??#= = """ | | ????????????????????????# """#??# % """ | | ????????????????????????# ! """#??# % """ | | ????????????????????????# !/ R"#??# "Y"%""" | | ????????????????????????#@ !// """#??# """ | | ??????????????????????? + ####??# | | ????????????????????? # k ###########/### | | ??????????????????? !=?# ########## | | ?????????????????? !??# #????????# | | ??????????????????##????#s#????????# | | ????????????????????????#/#????????# #######+### | | ???????????????????????? ????????#?????????????? | | ????????????????????????"""??????????????????????? | | ????????????????????????"""??????????????????????? | | ????????????????????????"""??????????????????????? | | ?????????????????????????????????????????????????? | | ?????????????????????????????????????????????????? | | ?????????????????????????????????????????????????? | | ?????????????????????????????????????????????????? | | ?????????????????????????????????????????????????? | | ?????????????????????????????????????????????????? | | ?????????????????????????????????????????????????? | | ?????????????????????????????????????????????????? | | ?????????????????????????????????????????????????? | | ?????????????????????????????????????????????????? | | ?????????????????????????????????????????????????? | | ?????????????????????????????????????????????????? | | ?????????????????????????????????????????????????? | | ?????????????????????????????????????????????????? | +----------------------------------------------------+ Best States ------------- Heat Dissipation 28 Energy Generation 12 Energy Capacity 265 Matter Stores 300 Matter Capacity 300 Sight Range 16 Terrain Scan Density 10 Evasion (%) 55 Recoil Reduction 2 Item Schematics ----------------- None Robot Schematics ------------------ None Fabricated ------------ Nothing Alien Tech Used ----------------- None Achievements -------------- None Challenges ------------ None Game ------ Seed ShadingDynamicNullifier Manual? 0 Play Time 00:08:58 Cumulative 7.1 hours Start 2024.04.07 @ 15:49:35 End 2024.04.07 @ 15:56:35 Sessions 1 Manual Loads 0 Difficulty Rogue Special Mode None Game No. 13 Rogue 13 Adventurer 0 Explorer 0 Win Type - Total 0 Types 0/0/0/0/0/0/0/0/0 Lore% 12 Gallery% 13 Achievement% 10 Wizard Run 0 Options --------- Layout 1 ASCII 0 Keyboard 1 Movement Numpad Keybinds 0 Fullscreen 1 Font 24/Smallcaps Map View 50x35 Zoom Use 0% Tactical HUD 0 Map Filters NONE Filters NONE Steam 1 RUN: f592dbb9-8761-4d48-bd7e-caf48b22232f